 Dungeon Crawl Stone Soup version 0.31-a0-506-g3d79149578 (webtiles) character file.

Game seed: 4117066140460265652

132 GordonOverkill the Sneak (level 5, -8/36 HPs)
             Began as an Octopode Delver on Aug 9, 2023.
             Mangled by a sleepcap (17 damage)
             ... on level 5 of the Dungeon.
             The game lasted 00:00:49 (157 turns).

GordonOverkill the Sneak (Octopode Delver)           Turns: 157, Time: 00:00:50

Health: -8/36      AC:  1    Str: 11    XL:     5   Next: 15%
Magic:  6/6        EV:  2    Int: 14    God:
Gold:   10         SH:  0    Dex: 14    Spells: 6/6 levels left

rFire   . . .        a - +0 short sword
rCold   . . .        (no shield)
rNeg    . . .        (helmet restricted)
rPois   .            (no amulet)
rElec   .            (no ring)
rCorr   .            (no ring)
SInv    .            (no ring)
Will    .....        (no ring)
Stlth   ++++         (no ring)
HPRegen 0.26/turn    (no ring)
MPRegen 0.10/turn    (no ring)
                     (no ring)

%: no passive effects
@: sleeping, hasted
A: almost no armour, amphibious, 8 rings, camouflage 1, gelatinous body 1,
(nimble swimmer 1), tentacles
a: no special abilities


You were on level 5 of the Dungeon.
You visited 1 branch of the dungeon, and saw 2 of its levels.

You collected 10 gold pieces.

Inventory:

Hand Weapons
 a - a +0 short sword (weapon)
Wands
 f - a wand of digging (3)
Scrolls
 b - a scroll of fog
 c - a scroll of revelation
 d - a scroll of fear
Potions
 g - a potion of curing {unknown}


   Skills:
 - Level 3.0 Fighting
 - Level 5.0 Short Blades
 - Level 2.0 Dodging
 - Level 6.6 Stealth
 + Level 1.0 Spellcasting


You had 6 spell levels left.
You didn't know any spells.
Your spell library was empty.

Dungeon Overview and Level Annotations

Branches:
Dungeon (6/15)
 Temple: D:4-7

Altars:


Innate Abilities, Weirdness & Mutations

You cannot wear most types of armour.
You are amphibious.
You can wear up to eight rings at the same time.
Your skin changes colour to match your surroundings (Stealth+).
Your rubbery body absorbs attacks. (AC +1, EV +1)
((You are camouflaged when in or above water. (Stealth+)))
You have tentacles for arms and can constrict up to eight enemies at once.


Message History

The sleepcap closely misses you.
You hit the sleepcap but do no damage.
The sleepcap is lightly damaged.
You constrict the sleepcap, but do no damage.
The sleepcap releases spores at you!
You are engulfed in a cloud of soporific spores!
You fall asleep.
You lose your grip on the sleepcap.
The sleepcap releases spores at you!
You wake up.
* * * LOW HITPOINT WARNING * * *
You are engulfed in a cloud of soporific spores!
You are unaffected.
You feel yourself speed up. The sleepcap completely misses you.
You hit the sleepcap. You grab the sleepcap. You squeeze the sleepcap.
The sleepcap is moderately damaged.
You constrict the sleepcap, but do no damage.
You hit the sleepcap but do no damage.
The sleepcap is moderately damaged.
You constrict the sleepcap, but do no damage.
The sleepcap closely misses you.
You hit the sleepcap. You squeeze the sleepcap.
The sleepcap is heavily damaged.
You constrict the sleepcap, but do no damage.
You hit the sleepcap but do no damage. You squeeze the sleepcap.
The sleepcap is severely damaged.
You constrict the sleepcap, but do no damage.
The sleepcap barely misses you.
You hit the sleepcap but do no damage.
The sleepcap is severely damaged.
You constrict the sleepcap. You hit the sleepcap but do no damage.
You squeeze the sleepcap.
The sleepcap is almost destroyed.
You constrict the sleepcap, but do no damage.
The sleepcap releases spores at you.
* * * LOW HITPOINT WARNING * * *
You are engulfed in a cloud of soporific spores!
You fall asleep.
You lose your grip on the sleepcap.
The sleepcap releases spores at you!
You die...

#†......##
#.....♣..##
#..>......#
#.....♣...#
#.$.......#
##..♣....#
##...#.##
#####f# #@#
#.# #..
####


You could see a sleepcap.

Vanquished Creatures
  2 scorpions (D:5)
  2 adders (D:5)
4 creatures vanquished.

Notes
Turn   | Place    | Note
-------+----------+-------------------------------------------
     0 | D:5      | GordonOverkill the Octopode Delver began the quest for the
                  | Orb.
     0 | D:5      | Reached XP level 1. HP: 16/16 MP: 1/1
    17 | D:5      | Reached XP level 2. HP: 21/21 MP: 2/2
    39 | D:6      | Noticed an ogre
    54 | D:5      | Noticed a scorpion
    65 | D:5      | Killed a scorpion
    66 | D:5      | Reached XP level 3. HP: 26/26 MP: 3/3
    66 | D:5      | Reached XP level 4. HP: 31/31 MP: 4/4
   113 | D:5      | Noticed a phantom
   122 | D:5      | Noticed a scorpion
   127 | D:5      | Killed a scorpion
   128 | D:5      | Reached skill level 5 in Short Blades
   128 | D:5      | Reached XP level 5. HP: 36/36 MP: 5/5
   129 | D:5      | Reached skill level 1 in Spellcasting
   130 | D:5      | Noticed a troll
   157 | D:5      | Mangled by a sleepcap

Illustrated notes

Levels and vault maps discovered:
D:5:      layout_loops_ring, mainiacjoe_overflow_cross_hatched,
          grunt_ministairs_9, serial_bayou_lagoon_b
D:6:      layout_cave_pools, old_standard_altar

Skill      XL: |  1  2  3  4  5 |
---------------+----------------+-----
Short Blades   | 4 5 |  5.0
Spellcasting   | 1 |  1.0
Fighting       | |  3.0
Dodging        | |  2.0
Stealth        | |  6.6

Action                     |  1- 3 |  4- 6 || total
---------------------------+-------+-------++-------
  Melee: Short sword       |     8 |    16 ||    24
         Tentacles         |     2 |     6 ||     8
         Constrict         |     2 |     4 ||     6
         Punch             |       |     1 ||     1
    Use: Potion            |       |     1 ||     1
   Stab: Sleeping          |     1 |     1 ||     2
 Armour: Skin              |       |     2 ||     2
  Dodge: Dodged            |     3 |     9 ||    12

Table legend: (Time is in decaauts)
 A = Elapsed time spent in this place.
 B = Non-inter-level travel time spent in this place.
 C = Inter-level travel time spent in this place.
 D = Time resting spent in this place.
 E = Time spent auto-exploring this place.
 F = Levels seen in this place.
 G = Mean time per level.
                   A        B        C        D        E       F      G
               +--------+--------+--------+--------+--------+-----+--------+
         Total |    151 |    139 |     12 |     48 |      0 |   2 |   75.5 |
       Dungeon |    151 |    139 |     12 |     48 |      0 |   2 |   75.5 |
               +--------+--------+--------+--------+--------+-----+--------+

Top non-repeatable levels by time:
     D:5: 145 daAuts
     D:6: 6 daAuts
